 Dungeon Crawl Stone Soup version 0.28.0-47-ge53b351184 (webtiles) character file.

Game seed: 1997563258433387329

25 pkoi the Firebug (level 2, -1/20 HPs)
             Began as a Demigod Fire Elementalist on Apr 27, 2022.
             Succumbed to an adder's poison
             ... on level 2 of the Dungeon.
             The game lasted 00:01:49 (1849 turns).

pkoi the Firebug (Demigod Fire Elementalist)        Turns: 1849, Time: 00:01:50

Health: -1/20      AC:  2    Str:  6 (9)  XL:     2   Next: 63%
Magic:  7/7        EV: 12    Int: 16 (17) God:
Gold:   55         SH:  0    Dex: 13 (14) Spells: 4/5 levels left

rFire   . . .      SeeInvis .   e - +1 whip (pain)
rCold   . . .      Faith    .   (no shield)
rNeg    . . .      Spirit   .   a - +0 robe
rPois   .          Reflect  .   c - +0 hat
rElec   .          Harm     .   (no cloak)
rCorr   .          Rampage  .   (no gloves)
Will    .....                   (no boots)
Stlth   ++........              (no amulet)
HPRegen 0.06/turn               (no ring)
MPRegen 0.10/turn               (no ring)

@: lethally poisoned (-1 -> -9)
A: high MP 1, forlorn, divine attributes
a: no special abilities


You were on level 2 of the Dungeon.
You visited 1 branch of the dungeon, and saw 2 of its levels.

You collected 55 gold pieces.

Inventory:

Hand Weapons
 e - a +1 whip of pain (weapon)
Missiles
 g - 6 poisoned darts
Armour
 a - a +0 robe (worn)
 c - a +0 hat (worn)
Scrolls
 h - a scroll of holy word {unknown}
 j - a scroll of immolation {unknown}
Potions
 d - a potion of lignification {unknown}
 f - a potion of heal wounds {unknown}
 i - 2 potions of curing {unknown}
 k - a potion of might {unknown}


   Skills:
 - Level 1.7 Dodging
 - Level 1.7 Stealth
 + Level 2.2 Spellcasting
 + Level 1.5 Conjurations
 + Level 3.0 Fire Magic


You had 4 spell levels left.
You knew the following spells:

 Your Spells              Type           Power      Damage    Failure   Level
a - Foxfire               Conj/Fire      36%        2x1d5     8%          1

Your spell library contained the following spells:

 Spells                   Type           Power      Damage    Failure   Level
 Scorch                   Fire           22%        2d6       9%          2
 Conjure Flame            Conj/Fire      9%         6-21      24%         3
 Inner Flame              Hex/Fire       6%         N/A       32%         3
 Flame Wave               Conj/Fire      9%         2d5       61%         4


Dungeon Overview and Level Annotations

Branches:
Dungeon (2/15)

Shops:
D:1 !


Innate Abilities, Weirdness & Mutations

You have an increased reservoir of magic. (+10% MP)
You shall have no god before yourself.
Your divine heritage dramatically boosts your attributes as you level up.


Message History

An adder is nearby!
An adder is nearby!
The adder hisses angrily.
You hit the adder.
The adder is heavily wounded.
The adder bites you but does no damage.
You hit the adder.
The adder is heavily wounded.
The adder bites you but does no damage. The adder bites you.
* * * LOW HITPOINT WARNING * * *
You are poisoned.
The adder poisons you!
You closely miss the adder.
The adder is heavily wounded.
You feel sick. The adder bites you.
* * * LOW HITPOINT WARNING * * *
You closely miss the adder.
The adder is heavily wounded.
You feel sick. The adder bites you but does no damage.
You miss the adder.
The adder is heavily wounded.
You feel sick. The adder bites you.
* * * LOW HITPOINT WARNING * * *
The adder barely misses you.
Unknown command.
You feel sick.
You feel sick.
You feel sick.
You are no longer poisoned.
The adder closely misses you. The adder bites you.
* * * LOW HITPOINT WARNING * * *
You are lethally poisoned!
The adder poisons you!
You are too injured to fight recklessly!
Unknown command.
It was a potion of degeneration.
There was something very wrong with that liquid.
You feel weakened.
You feel dopey.
You feel clumsy.
You die...

#†............#
###..#.#......#
##.#.#..##.##
#.#.#..##.####
#...#........##
.###########..#.#........
..............#.#.#.##.#.
##....#######.#.#.#.# .#
............S@..#.# #
##....#######.###.# #...
#.# #.# #.. #.# #.# #.
#.# #.# # #.###.# #.#
#..##.#.##.#######
##.##.#.##.#......
#.##.#.##.#.#####


You could see an adder.

Vanquished Creatures
  An adder (D:2)
  3 bats
  An endoplasm (D:2)
  2 giant cockroaches (D:1)
  A hobgoblin (D:1)
  3 ball pythons
  A frilled lizard (D:1)
  2 kobolds (D:1)
  4 rats
18 creatures vanquished.

Vanquished Creatures (others)
  40 foxfires
40 creatures vanquished.

Grand Total: 58 creatures vanquished

Notes
Turn   | Place    | Note
-------+----------+-------------------------------------------
     0 | D:1      | pkoi the Demigod Fire Elementalist began the quest for the
                  | Orb.
     0 | D:1      | Reached XP level 1. HP: 14/14 MP: 5/5
   191 | D:1      | Reached skill level 1 in Conjurations
   549 | D:1      | Found Ublod's Distillery.
   933 | D:1      | Reached XP level 2. HP: 20/20 MP: 7/7
  1362 | D:2      | Reached skill level 3 in Fire Magic
  1848 | D:2      | HP: 1/20 [adder (3)]
  1849 | D:2      | Succumbed to an adder's poison

Illustrated notes

Levels and vault maps discovered:
D:1:      roderic_lyre, layout_loops_cross, serial_shops,
          nicolae_shop_hallway_stairs
D:2:      layout_basic, hellmonk_ecumenical_altar_arch_garden, uniq_natasha

Skill      XL: |  1  2 |
---------------+-------+-----
Conjurations   | 1 |  1.5
Spellcasting   | 2 |  2.2
Fire Magic     | 3 |  3.0
Dodging        | |  1.7
Stealth        | |  1.7

Action                   || total
-------------------------++-------
Melee: Whip              ||    14
 Cast: Foxfire           ||    23
  Use: Potion            ||     1
 Stab: Sleeping          ||     2
Armor: Robe              ||    10
Dodge: Dodged            ||    15
